 Dungeon Crawl Stone Soup version 0.31-a0-626-g8143ab4f1d (webtiles) character file.

Game seed: 11973724377150477917

831589 wazuzu the Shapeless Troll (level 27, -1/349 HPs)
             Began as a Troll Shapeshifter on Aug 24, 2023.
             Was the Champion of Wu Jian.
             Killed by an exploding ball lightning (5 damage)
             ... in Pandemonium.
             The game lasted 04:54:31 (49121 turns).

wazuzu the Shapeless Troll (Troll Shapeshifter)    Turns: 49121, Time: 04:54:32

Health: -1/349     AC: 41    Str: 31    XL:     27
Magic:  0/10       EV: 17    Int: 14    God:    Wu Jian [******]
Gold:   6752       SH: 16    Dex: 16    Spells: 26/26 levels left

rFire   + +          .
                       - Unarmed
rCold   + . .        A - +2 kite shield {rF+}
rNeg    + . .        S - melded +7 gold dragon scales
rPois   ∞            q - +2 hood of the Assassin {Detect Stab+ Stlth++}
rElec   +            t - +0 cloak {Will+}
rCorr   +            (gloves unavailable)
SInv    .            (boots unavailable)
Will    +++++        Q - amulet of regeneration
Stlth   +++++++      n - ring of Peucaqas {rElec Will+++ MP-9 Int+6 Stlth+}
HPRegen 2.38/turn    j - ring "Cuil" {Fly rElec Will+ rCorr}
MPRegen 0.12/turn

%: no passive effects
@: mighty, statue-form, silenced, resistant, flying, studying 4 skills, very
slow
A: slow and powerful, torment resistance 1, boosted hp, large, unfitting armour,
claws 3, regeneration 1, (shaggy fur 1), (tough skin 1), low MP 1, mutation
resistance 1
}: 9/15 runes: serpentine, barnacled, slimy, silver, abyssal, demonic, glowing,
fiery, dark
a: Begin Untransformation, Renounce Religion, Wall Jump


You were in Pandemonium.
You worshipped Wu Jian.
Wu Jian was exalted by your worship.
You were a living statue of rough stone.
You visited 11 branches of the dungeon, and saw 51 of its levels.
You visited Pandemonium 1 time, and saw 15 of its levels.
You visited the Abyss 2 times.
You visited 1 bazaar.
You also visited: Trove, Sewer and Ice Cave.

You collected 13503 gold pieces.
You spent 6751 gold pieces at shops.


Innate Abilities, Weirdness & Mutations

You are a living statue of rough stone.
Your actions are slow, but your melee attacks are powerful.
You are resistant to unholy torment.
Your maximum health is greatly increased.
Your equipment is partially melded.
You are too large for most types of armour.
You are immune to poison.
You have claws for hands.
Your natural rate of healing is unusually fast.
((You are covered in fur. (AC +1)))
((You have tough skin. (AC +1)))
Your magical capacity is low. (-10% MP)
You are somewhat resistant to further mutation.


   Skills:
 - Level 15.1 Fighting
 + Level 13.4 Armour
 + Level 15.2 Dodging
 - Level 10.4 Stealth
 - Level 15.0 Shields
 O Level 27 Unarmed Combat
 O Level 27 Shapeshifting


You had 26 spell levels left.
You didn't know any spells.
Your spell library contained the following spells:

 Spells                   Type           Power      Damage    Failure   Level
 Apportation              Tloc           0%         N/A       36%         1
 Freeze                   Ice            0%         1d3       36%         1
 Necrotise                Necr           0%         1d4       36%         1
 Shock                    Conj/Air       0%         1d3       36%         1
 Slow                     Hex            0%         N/A       36%         1
 Sting                    Tmut/Pois      0%         1d3       36%         1
 Summon Small Mammal      Summ           0%         N/A       36%         1
 Blink                    Tloc           0%         N/A       52%         2
 Call Imp                 Summ           0%         N/A       52%         2
 Cigotuvi's Dreadful Rot  Necr/Pois/Air  0%         N/A       52%         2
 Ensorcelled Hibernation  Hex/Ice        0%         N/A       52%         2
 Momentum Strike          Conj/Tloc      0%         3d8       52%         2
 Poisonous Vapours        Pois/Air       0%         N/A       52%         2
 Static Discharge         Conj/Air       0%         2-2/arc   52%         2
 Confusing Touch          Hex            0%         N/A       75%         3
 Dazzling Flash           Conj/Hex       0%         N/A       75%         3
 Frozen Ramparts          Ice            0%         1d1       75%         3
 Gell's Gravitas          Tloc           0%         N/A       75%         3
 Hailstorm                Conj/Ice       0%         3d3       75%         3
 Ignite Poison            Fire/Tmut/Pois 0%         N/A       75%         3
 Mephitic Cloud           Conj/Pois/Air  0%         N/A       75%         3
 Ozocubu's Armour         Ice            0%         N/A       75%         3
 Portal Projectile        Hex/Tloc       0%         N/A       75%         3
 Teleport Other           Tloc           0%         N/A       75%         3
 Tukima's Dance           Hex            0%         N/A       75%         3
 Vampiric Draining        Necr           0%         2d6       75%         3
 Volatile Blastmotes      Fire/Tloc      0%         2d10      75%         3
 Airstrike                Air            0%         2d(0-16)  98%         4
 Anguish                  Hex/Necr       0%         N/A       98%         4
 Animate Dead             Necr           0%         N/A       98%         4
 Cause Fear               Hex            0%         N/A       98%         4
 Fulminant Prism          Conj/Hex       0%         3d5       98%         4
 Iskenderun's Mystic Bla  Conj/Tloc      0%         2d3       98%         4
 Manifold Assault         Tloc           0%         N/A       98%         4
 Olgreb's Toxic Radiance  Pois           0%         N/A       98%         4
 Passage of Golubria      Tloc           0%         N/A       98%         4
 Petrify                  Tmut/Erth      0%         N/A       98%         4
 Summon Ice Beast         Ice/Summ       0%         N/A       98%         4
 Summon Lightning Spire   Summ/Air       0%         N/A       98%         4
 Agony                    Necr           0%         N/A       100%        5
 Alistair's Intoxication  Tmut/Pois      0%         N/A       100%        5
 Borgnjor's Vile Clutch   Necr/Erth      0%         N/A       100%        5
 Freezing Cloud           Conj/Ice/Air   0%         6-21      100%        5
 Metabolic Englaciation   Hex/Ice        0%         N/A       100%        5
 Silence                  Hex/Air        0%         N/A       100%        5
 Yara's Violent Unravell  Hex/Tmut       0%         3d3       100%        5
 Conjure Ball Lightning   Conj/Air       0%         3x3d6     100%        6
 Death Channel            Necr           0%         N/A       100%        6
 Dispersal                Tloc           0%         N/A       100%        6
 Eringya's Noxious Bog    Tmut/Pois      0%         4d6       100%        6
 Simulacrum               Ice/Necr       0%         N/A       100%        6
 Ozocubu's Refrigeration  Ice            0%         4d7       100%        7
 Discord                  Hex            0%         N/A       100%        8
 Disjunction              Tloc           0%         N/A       100%        8
 Ignition                 Fire           0%         3d3       100%        8
 Infestation              Necr           0%         N/A       100%        8


Dungeon Overview and Level Annotations

Branches:
Dungeon (15/15)            Temple (1/1) D:6            Lair (5/5) D:11
 Shoals (4/4) Lair:2        Snake (4/4) Lair:2        Slime (5/5) Lair:4
    Orc (2/2) D:12            Elf (3/3) Orc:2        Vaults (5/5) D:14
  Crypt (3/3) Vaults:3       Tomb (0/3) Crypt:3      Depths (4/4) D:15
    Zot (0/5) Depths:4      Sewer (visited)           IceCv (visited)

Altars:
Ashenzari
Cheibriados
Dithmenos
Elyvilon
Fedhas
Gozag
Hepliaklqana
Kikubaaqudgha
Makhleb
Nemelex Xobeh
Okawaru
Qazlal
Ru
Sif Muna
Trog
Uskayaw
Vehumet
Wu Jian
Xom
Yredelemnul
Zin
The Shining One
Jiyva

Shops:
D:6 !   D:9 ?[:   D:10 (   D:11 (   D:15 (   Orc:1 !   Orc:2 (([(   Elf:1 *
Elf:2 [   Shoals:1 *(([   Vaults:4 (   Vaults:5 (   Depths:2 *(*[!

Portals:
Hell: Depths:1 Depths:2 Depths:3 Depths:4
Abyss: Depths:1 Depths:2 Depths:3
Pandemonium: Depths:1 Depths:2
Ziggurat: Depths:4

Annotations:
D:8 exclusion: ice statue
Pan Lom Lobon

Inventory:

Missiles
 d - 16 atropa-tipped darts
 u - 4 throwing nets
 C - 27 curare-tipped darts
Armour
 q - the +2 hood of the Assassin (worn) {Detect Stab+ Stlth++}
   (You bought it in a shop on level 9 of the Dungeon)

   Detect:    It allows the wearer to sense nearby creatures.
   Stab+:     It allows the wearer to make particularly effective stabbing
   attacks against helpless or unaware enemies with any weapon.
   Stlth++:   It makes you much more stealthy.
 t - a +0 cloak of willpower (worn)
 A - a +2 kite shield of fire resistance (worn)
 E - a +1 kite shield of cold resistance
 S - +7 gold dragon scales (melded)
Jewellery
 j - the ring "Cuil" (right claw) {Fly rElec Will+ rCorr}
   (You found it on level 5 of the Vaults)

   [ring of resist corrosion]

   rElec:     It insulates you from electricity.
   Will+:     It increases your willpower.
   Fly:       It grants you flight.
   rCorr:     It protects you from acid and corrosion.
 n - the ring of Peucaqas (left claw) {rElec Will+++ MP-9 Int+6 Stlth+}
   (You took it off a deep elf annihilator on level 5 of the Vaults)

   [ring of intelligence]

   Int+6:     It affects your intelligence (+6).
   rElec:     It insulates you from electricity.
   Will+++:   It greatly increases your willpower.
   MP-9:      It affects your magic capacity (-9).
   Stlth+:    It makes you more stealthy.
 s - a ring of protection from cold
 x - a ring of see invisible
 H - a ring of protection from fire
 Q - an amulet of regeneration (around neck)
Talismans
 k - a granite talisman (active)
 p - a dragon-blood talisman
 V - a talisman of death
Wands
 y - a wand of acid (45)
 L - a wand of digging (33)
 N - a wand of mindburst (48)
 O - a wand of paralysis (73)
 U - a wand of iceblast (33)
 Y - a wand of flame (129)
Scrolls
 a - 9 scrolls of vulnerability
 b - 4 scrolls of blinking
 c - 10 scrolls of fog
 o - 6 scrolls of fear
 r - 3 scrolls of immolation
 v - 9 scrolls of poison
 w - 2 scrolls of amnesia
 B - 10 scrolls of teleportation
 J - 5 scrolls of revelation
 P - 3 scrolls of torment
 T - 3 scrolls of butterflies
Potions
 g - 29 potions of curing
 h - 3 potions of invisibility
 i - 5 potions of heal wounds
 l - 7 potions of mutation
 m - 8 potions of haste
 z - 10 potions of enlightenment
 D - 4 potions of resistance
 F - 9 potions of attraction
 G - 6 potions of might
 I - 10 potions of berserk rage
 K - 12 potions of ambrosia
 R - 15 potions of lignification
 Z - a potion of cancellation
Miscellaneous
 f - a tin of tremorstones (2/2)
 X - a lightning rod (4/4)

##.......## ##.....##*{~
##.........# #....)..##*~
#..........####........#*~
##...........##..≈.....≈##*
#°..§§§§§°§§§#§.≈≈≈..)≈≈≈#*
#.°°°§§§§§§°§§§≈≈≈≈≈≈)≈≈≈#*
#...§§§§§§§§§§§#≈≈≈≈≈.≈≈≈#*
#...§§§§§§§§§§###≈≈≈≈.≈≈≈#~
#...§§§§§§8§§## ##≈≈≈.≈≈##~
##..§§§§§&§§§# ##≈.≈≈≈#~~
*#..§§§§§§§§## #≈^≈≈≈#~~
*+#.§§§§§§§§# ##.≈≈##~~
*,##§§§§°§°## #..##~~~
*,{###§§§### ###..#*~~~
*,,,*##### ###....##≈≈≈
*,,**~~~*** ##≈≈≈≈...##≈≈
*,**~~,,,,** #≈≈≈≈≈≈...#≈≈


You could see Lom Lobon (wandering, vortex, unsilenced).


Message History

The ball lightning explodes!
The blast of lightning engulfs you! You resist.
* * * LOW HITPOINT WARNING * * *
The blast of lightning engulfs Lom Lobon.
Lom Lobon completely resists.
The blast of lightning engulfs the ball lightning.
The ball lightning completely resists.
You block Lom Lobon's attack.
As you read the scroll of silence, it crumbles to dust.
A profound silence engulfs you.
You are engulfed in freezing vapours.
You resist.
The ball lightning explodes!
The blast of lightning engulfs Lom Lobon.
Lom Lobon completely resists.
The blast of lightning engulfs you! You resist.
* * * LOW HITPOINT WARNING * * *
You block Lom Lobon's attack.
Magic scrolls do not work when you're silenced!
You spin and attack Lom Lobon repeatedly.
You eviscerate Lom Lobon!!!
Lom Lobon is heavily wounded.
You completely miss Lom Lobon.
Lom Lobon is heavily wounded.
Lom Lobon gestures.
Lom Lobon blinks!
Lom Lobon hits you but does no damage.
You completely miss Lom Lobon.
Lom Lobon is heavily wounded.
The winds around Lom Lobon calm down.
Lom Lobon gestures.
A freezing vortex appears around Lom Lobon!
You barely miss Lom Lobon.
Lom Lobon is heavily wounded.
You block Lom Lobon's attack.
You eviscerate Lom Lobon!!!!
Lom Lobon is severely wounded.
* * * LOW HITPOINT WARNING * * *
You barely miss Lom Lobon.
Lom Lobon is severely wounded.
You are engulfed in whirling frost.
* * * LOW HITPOINT WARNING * * *
Lom Lobon hits you!
* * * LOW HITPOINT WARNING * * *
You feel your power leaking away.
You feel much better.
You are engulfed in whirling frost.
* * * LOW HITPOINT WARNING * * *
x2 Lom Lobon gestures.
Lom Lobon is healed.
Lom Lobon gestures. 3 ball lightnings come into view.
You scratch Lom Lobon.
Lom Lobon is heavily wounded.
You are engulfed in whirling frost.
The ball lightning explodes!
The blast of lightning engulfs Lom Lobon.
Lom Lobon completely resists.
The blast of lightning engulfs the ball lightning.
The ball lightning completely resists.
The blast of lightning engulfs you! You resist.
* * * LOW HITPOINT WARNING * * *
The blast of lightning engulfs the ball lightning.
The ball lightning completely resists.
You eviscerate Lom Lobon!!!!
Lom Lobon is severely wounded.
* * * LOW HITPOINT WARNING * * *
The ball lightning explodes!
The blast of lightning engulfs Lom Lobon.
Lom Lobon completely resists.
The blast of lightning engulfs you. You resist.
* * * LOW HITPOINT WARNING * * *
The ball lightning explodes!
The blast of lightning engulfs you. You resist.
You die...

Action                     |  1- 3 |  4- 6 |  7- 9 | 10-12 | 13-15 | 16-18 | 19-21 | 22-24 | 25-27 || total
---------------------------+-------+-------+-------+-------+-------+-------+-------+-------+-------++-------
  Melee: Unarmed           |   129 |   124 |   222 |   440 |   807 |  1246 |  1231 |  1492 |  2230 ||  7921
         Punch             |     4 |     1 |    10 |    17 |    56 |    51 |       |     1 |       ||   140
         Constrict         |       |       |       |    18 |       |    37 |       |       |       ||    55
         Tailslap          |       |       |       |       |       |    10 |       |       |       ||    10
         Bite              |       |       |       |       |       |     9 |       |       |       ||     9
         Headbutt          |       |       |       |       |       |       |    55 |   294 |   402 ||   751
  Throw: Dart              |       |       |       |       |       |       |     1 |       |       ||     1
 Invoke: Serpent's Lash    |       |       |       |     1 |     5 |     7 |     9 |     8 |     9 ||    39
         Heavenly Storm    |       |       |       |       |     1 |     6 |     2 |     1 |     1 ||    11
Ability: Lunge             |       |       |     9 |    54 |    74 |   137 |   113 |   135 |   193 ||   715
         Whirlwind         |       |       |       |    86 |   298 |   427 |   460 |   415 |   404 ||  2090
         Wall Jump         |       |       |       |       |     2 |     2 |     2 |       |     3 ||     9
  Evoke: Wand              |       |       |     1 |     7 |     3 |       |     2 |     3 |     4 ||    20
    Use: Potion            |     2 |     1 |     2 |     4 |     3 |     6 |    11 |     6 |    27 ||    62
         Scroll            |       |     4 |     7 |    13 |     6 |     4 |    10 |     7 |    14 ||    65
   Stab: Sleeping          |     1 |     2 |       |     1 |     5 |     3 |     4 |    15 |    33 ||    64
         Paralysed         |       |       |     1 |       |       |       |       |       |       ||     1
         Invisible         |       |       |       |     4 |       |     3 |       |       |       ||     7
         Distracted        |       |       |       |       |     1 |       |     2 |     4 |    22 ||    29
 Armour: Animal skin       |    27 |    20 |       |       |       |       |       |       |       ||    47
         Skin              |    11 |       |       |    14 |    13 |   392 |   586 |   561 |  1329 ||  2906
         Robe              |       |    26 |    65 |    13 |       |       |       |       |       ||   104
         Troll leather arm |       |       |       |    35 |   109 |    10 |       |       |       ||   154
         Ice dragon scales |       |       |       |       |       |    23 |       |       |       ||    23
         Gold dragon scale |       |       |       |       |       |       |       |   145 |    42 ||   187
  Dodge: Dodged            |    34 |    44 |    85 |   162 |   468 |   728 |   774 |   544 |   921 ||  3760
  Block: Kite shield       |       |       |       |       |       |   284 |   668 |   637 |  1380 ||  2969
         Tower shield      |       |       |       |       |       |       |       |   311 |       ||   311
   Form: Anaconda          |       |       |       |     1 |     1 |     2 |       |       |       ||     4
         Blade             |       |       |       |     1 |     1 |     3 |       |       |       ||     5
         Death             |       |       |       |       |       |     1 |     1 |     1 |     1 ||     4
         Statue            |       |       |       |       |       |     2 |     1 |     1 |     1 ||     5
         Dragon            |       |       |       |       |       |     1 |       |       |       ||     1
                           |       |       |       |       |       |       |       |     1 |       ||     1

Levels and vault maps discovered:
D:1:      lightli_arrival_windingriver, layout_basic, minmay_hedge_maze
D:2:      kennysheep_six_static_rooms, layout_rooms,
          chequers_serial_rivers_micro_c, kennysheep_generic_room_2,
          uniq_jessica, uniq_crazy_yiuf_cottage
D:3:      layout_loops_ring, minmay_misc_feat_hallway,
          minmay_randomly_rotated_circles
D:4:      minmay_wonky_spiral, layout_basic, kennysheep_little_box,
          grunt_temple_overflow_order_and_chaos_2, minivault_1, uniq_sigmund
D:5:      layout_cave_pods, gup_sewer_entry_pipe, uniq_blork_the_orc, uniq_pikel
D:6:      layout_loops_ring, nicolae_overflow_crystal_walls,
          nicolae_dithmenos_shadow_blocks, minmay_temple_entry_butterflies,
          serial_shops, nicolae_shop_back_alley_shop, minmay_door_square,
          nrook_mini_vaults, eino_tiny_chamber
D:7:      cheibrodos_helix_gallery, layout_basic
D:8:      cheibrodos_frozen_isle, layout_cave_pools,
          lemuel_coloured_pillars_altar, uniq_jeremiah
D:9:      layout_irregular_city, kennysheep_slug_shrine,
          fedhas_altar_fruit_tree, serial_shops, kennysheep_mini_moat,
          nicolae_shop_scrapyard, shop_statue, nicolae_shop_window_shopping,
          corexii_hall_statues_i, kennysheep_just_a_vault, uniq_grum,
          uniq_erolcha, uniq_maggie
D:10:     layout_basic, serial_shops, nicolae_shop_pleasant_corner_grove,
          chequers_serial_rivers_micro_c, pond
D:11:     layout_basic, grunt_lair_entry_orc_guard_hut, serial_shops,
          nicolae_shop_hallway_stairs, grunt_decor_one_mirror, zin_scriptorium,
          uniq_harold, uniq_lodul
D:12:     layout_long_grid, zombieorc1_lemuel
D:13:     layout_gridville, special_room [special_room_orc], led_sif_book
D:14:     layout_roguey, skrybe_vaults_entry_preservation,
          amcnicky_mini_rare_corridor_liquid, serial_bayou, serial_bayou_pond_a,
          serial_bayou_pond_e, serial_bayou_lake_a, serial_bayou_lagoon_a,
          st_stairs_14
D:15:     gammafunk_depths_entry_grave, layout_stronghold, serial_shops, shop,
          enter_trove_0, skrybe_limestone_x
Temple:   nicolae_temple_ecumenical_triangle
Lair:1:   layout_cave_pods, grunt_megastairs_3, serial_bayou_shore_b
Lair:2:   beargit_carnivore_pack, layout_misc_corridors,
          nicolae_shoals_entry_roost, guppyfry_snake_entry_garden,
          grunt_megastairs_5, lemuel_fruit_tree
Lair:3:   layout_loops_ring, grunt_megastairs_4, lemuel_fruit_fields
Lair:4:   layout_regular_city, minmay_slime_entry_oklob_open,
          grunt_megastairs_1, lemuel_fruit_fields, serial_bayou_shore_a,
          uniq_kirke
Lair:5:   due_jungle_book, layout_cellular_growth
Shoals:1: layout_shoals, serial_shops, nicolae_shop_bloodbath_and_beyond, shop,
          shop, shop, nicolae_shop_tiny_real_fake_doors
Shoals:2: layout_shoals, uniq_frances, uniq_louise, uniq_ilsuiw
Shoals:3: layout_shoals, nicolae_shoals_mertower, uniq_donald
Shoals:4: shoals_end_hellmonk_storm_palace [storm_palace_center_square,
          storm_palace_corner_altar, storm_palace_corner_altar,
          storm_palace_corner_pillars, storm_palace_corner_narrow], uniq_nikola
Snake:1:  layout_grid_shapes, portal_ice_cave_entry_ice_statue_two,
          ebering_ghost_disaster_area, uniq_roxanne, uniq_aizul
Snake:2:  nicolae_snake_unarmed_stairs_patrol, layout_misc_corridors,
          uniq_vashnia
Snake:3:  gammafunk_its_a_trap, layout_chambers, basic_altar, uniq_bai_suzhen,
          uniq_mara
Snake:4:  grunt_snake_rune_spirals, layout_onion, ebering_ghost_rock_garden,
          abandoned_shop
Slime:1:  layout_caves, basic_altar
Slime:2:  layout_caves
Slime:3:  layout_caves
Slime:4:  layout_caves
Slime:5:  slime_pit_nicolae_trefoil
Orc:1:    emtedronai_trogs_sanctum, layout_caves, serial_shops, shop,
          uniq_nergalle
Orc:2:    st_orc_rangers, layout_caves, serial_shops, shop
Elf:1:    eino_elf_arrival_altar, layout_geoelf_diagonals, basic_altar,
          minivault_28, nicolae_shop_overcharged_wands
Elf:2:    nicolae_elf_blades_crystal_corner, layout_rooms, serial_shops,
          nicolae_shop_crystal, hangedman_elf_simple_split,
          lemuel_upstairs_altar
Elf:3:    minmay_elf_hall_spiked, layout_gridlike, st_stairs_10,
          onia_ninara_cookie
Vaults:1: grunt_vaults_twisty, vaults_room_pool, vaults_dpeg_hooks,
          vaults_dpeg_diagonal, nicolae_vaults_mini_display_case,
          nicolae_vaults_enemy_cabinets, vaults_dpeg_encased_lava, v_pattern_1,
          grunt_vaults_funnel, layout_vaults_omnigrid, uniq_norris
Vaults:2: nicolae_vaults_more_shelving_2, ontoclasm_vaults_chip, v_misc_33,
          nicolae_vaults_tetromino_L_1, vaults_mumra_hexcomb,
          nicolae_vaults_big_angled_halls, nicolae_vaults_diamond_2,
          nicolae_vaults_apartment_1, ontoclasm_vaults_gallery,
          nicolae_vaults_little_ls, hangedman_vaults_stitches,
          hangedman_vaults_stagger, layout_vaults_big_cross
Vaults:3: blue_anna_dwarven_crypt, nicolae_vaults_sealed_display,
          hangedman_vaults_river_flow, v_pattern_3,
          nicolae_vaults_little_squares_1, v_rooms_1,
          hangedman_vaults_restitches, nicolae_vaults_angled_halls,
          nicolae_vaults_closet_pinwheel_2, v_alt_pattern_4,
          nicolae_vaults_circle_grid_b, nicolae_vaults_diamond_1,
          layout_vaults_maze_bifur, serial_shops, bzr_entry_water, uniq_jory
Vaults:4: v_misc_8, dpeg_vaults_pockets_of_resistance,
          nicolae_vaults_bisected_exclaves,
          nicolae_vaults_offset_grid_hallway_1, vaults_room_large_hall,
          v_misc_23, v_rooms_5, grunt_vaults_diagonal, vaults_room_pool,
          nicolae_vaults_storage_closets_2, nicolae_vaults_double_plus_1,
          nicolae_vaults_rhombus_6, grunt_vaults_hallway_short,
          nicolae_vaults_little_squares_5, nicolae_vaults_trapezoid_lopsided_3,
          layout_vaults_chaotic_city, serial_shops, shop, uniq_xtahua
Vaults:5
Crypt:1:  layout_gridlike, st_stairs_4, grunt_ministairs_1
Crypt:2:  layout_rooms, chequers_big_river, lemuel_mausoleum_altar_kikubaaqudgha
Crypt:3:  lightli_unholy_cathedral, layout_chaotic_city,
          tomb_entry_simple_bobbens, palyth_stone_intersect
Depths:1: layout_roguey, kennysheep_cross_bottleneck, pf_hell_entry_tar_river,
          rand_demon_pan_entry_9, marbit_kobold_abyss_entry,
          lightli_fourway_metalbox
Depths:2: grated_community_mu [grated_community_mu_vampire_home,
          grated_community_mu_giant_home, grated_community_mu_spellcaster_home,
          grated_community_mu_orcish_home, grated_community_mu_troll_home,
          grated_community_mu_taur_home, grated_community_mu_unbuilt_plot],
          layout_basic, rand_demon_pan_entry_4, hell_entry, abyss_entry,
          evilmike_butchery, minmay_shop_star, minmay_staircase_bubble
Depths:3: minmay_ambush_box, layout_cave_shapes, abyss_entry,
          grunt_hell_entry_dis_old, dk_noncrumbling_2, firewood_loft
Depths:4: grunt_zot_entry_pinwheel, layout_cross, enter_ziggurat_c,
          kennysheep_doodads, grunt_hell_horde, nemelex_spade_bored_becter,
          uniq_saint_roka
Pan:      evilmike_mini_pan_corner, layout_rooms, pan_blood_fountain_small,
          nicolae_pan_hourglass, layout_long_grid, pan_blood_fountain_small,
          lemuel_hall_of_pain, layout_irregular_city, uniq_mennas_pan,
          nicolae_pan_mnolegish_4, regret_index_pan_draining_boxed,
          layout_grid_shapes, nicolae_pan_gloorx_vloqian_4, rand_demon_1,
          layout_gridlike, grunt_pan_pentagram, layout_stronghold, mnoleg_grunt,
          layout_cellular_growth, evilmike_mini_pan_doors, layout_rooms,
          evilmike_mini_pan_pillars_b, layout_grid_shapes,
          nicolae_pan_gloorx_vloqian_2, evilmike_mini_pan_other_thingy,
          layout_long_grid, pan_blood_fountain_small, evilmike_gloorx_vloq_box,
          layout_basic, cerebov, layout_onion_city, nicolae_pan_bazaar_rune,
          layout_long_grid, evilmike_mini_pan_layers, layout_irregular_city,
          lom_lobon_spiral_st, layout_rooms

Notes
Turn   | Place    | Note
-------+----------+-------------------------------------------
     0 | D:1      | wazuzu the Troll Shapeshifter began the quest for the Orb.
     0 | D:1      | Reached XP level 1. HP: 18/18 MP: 0/0
   122 | D:1      | Reached skill level 1 in Fighting
   171 | D:1      | Reached XP level 2. HP: 24/27 MP: 1/1
   660 | D:2      | HP: 5/27 [poisoned by a goblin]
   733 | D:2      | Reached XP level 3. HP: 33/33 MP: 2/2
   739 | D:2      | Reached skill level 4 in Unarmed Combat
   868 | D:2      | Reached XP level 4. HP: 28/42 MP: 3/3
  1132 | D:2      | Noticed Jessica
  1137 | D:2      | Killed Jessica
  1138 | D:2      | Reached skill level 2 in Fighting
  1211 | D:2      | Found a runed translucent door.
  1212 | D:2      | Noticed Crazy Yiuf
  1223 | D:2      | Killed Crazy Yiuf
  1224 | D:2      | Reached skill level 5 in Unarmed Combat
  1224 | D:2      | Reached XP level 5. HP: 21/50 MP: 4/4
  2050 | D:4      | You fall into a shaft and drop 2 floors!
  2050 | D:6      | Found a shadowy altar of Dithmenos.
  2056 | D:6      | Noticed a water moccasin
  2057 | D:6      | Noticed an ice beast
  2069 | D:6      | Killed a water moccasin
  2070 | D:6      | Reached skill level 3 in Fighting
  2070 | D:6      | Reached skill level 6 in Unarmed Combat
  2070 | D:6      | Reached XP level 6. HP: 61/61 MP: 5/5
  2074 | D:6      | Killed an ice beast
  2142 | D:5      | Entered Level 5 of the Dungeon
  2190 | D:5      | Found a glowing drain.
  2205 | Sewer    | Entered a sewer
  2280 | Sewer    | Reached XP level 7. HP: 65/67 MP: 6/6
  2284 | Sewer    | Reached skill level 7 in Unarmed Combat
  2291 | Sewer    | Reached skill level 4 in Fighting
  2618 | D:4      | Reached skill level 8 in Unarmed Combat
  2663 | D:4      | Reached XP level 8. HP: 61/79 MP: 7/7
  2899 | D:4      | Found a burning altar of Makhleb.
  2902 | D:4      | Found a glowing silver altar of Zin.
  2902 | D:4      | Noticed an angel
  2908 | D:4      | Noticed an Executioner
  2943 | D:4      | Found a shimmering altar of Xom.
  2990 | D:4      | Noticed Sigmund
  2995 | D:4      | Killed Sigmund
  2996 | D:4      | Reached skill level 5 in Fighting
  2996 | D:4      | Reached skill level 9 in Unarmed Combat
  3249 | D:5      | Noticed Blork the orc
  3257 | D:5      | Killed Blork the orc
  3293 | D:5      | Noticed Pikel
  3315 | D:5      | HP: 19/80 [lemure[Pikel] (5)]
  3320 | D:5      | Killed Pikel
  3321 | D:5      | Reached skill level 10 in Unarmed Combat
  3321 | D:5      | Reached XP level 9. HP: 33/89 MP: 8/8
  3741 | D:5      | Reached skill level 6 in Fighting
  4116 | D:6      | Found a staircase to the Ecumenical Temple.
  4126 | Temple   | Entered the Ecumenical Temple
  4133 | Temple   | Became a worshipper of the Wu Jian Council
  4179 | D:6      | Found a hazy altar of Hepliaklqana.
  4335 | D:6      | Reached skill level 11 in Unarmed Combat
  4663 | D:6      | Reached skill level 7 in Fighting
  4763 | D:6      | Found Alorgh's Distillery.
  4767 | D:6      | Bought a potion of might for 40 gold pieces
  4767 | D:6      | Bought a potion of invisibility for 80 gold pieces
  4767 | D:6      | Bought a potion of lignification for 30 gold pieces
  5006 | D:7      | Reached skill level 8 in Fighting
  5219 | D:7      | Reached XP level 10. HP: 101/104 MP: 9/9
  5221 | D:7      | Reached * piety under Wu Jian
  5246 | D:7      | Reached skill level 4 in Shapeshifting
  5490 | D:8      | Noticed an ice statue
  5582 | D:8      | Noticed Jeremiah
  5637 | D:8      | Killed Jeremiah
  5638 | D:8      | Reached skill level 5 in Shapeshifting
  5846 | D:8      | Found a glowing golden altar of the Shining One.
  6058 | D:9      | Noticed a two-headed ogre
  6252 | D:9      | Noticed Grum
  6259 | D:9      | Reached skill level 6 in Shapeshifting
  6261 | D:9      | Killed Grum
  6271 | D:9      | Found a snail-covered altar of Cheibriados.
  6294 | D:9      | Found Diget's Armour Shoppe.
  6336 | D:9      | Found a blossoming altar of Fedhas.
  6410 | D:9      | Found Jera's Weapon Emporium.
  6496 | D:9      | Found Zoadwo Mamu's Book Shoppe.
  6534 | D:9      | Reached skill level 7 in Shapeshifting
  6564 | D:9      | Identified the +1 cloak of the Supporting Gods {Int+4
                  | Dex-2}
  6593 | D:9      | Noticed Erolcha
  6609 | D:9      | Killed Erolcha
  6629 | D:9      | Killed a two-headed ogre
  6630 | D:9      | Reached skill level 8 in Shapeshifting
  6655 | D:9      | Noticed Maggie
  6661 | D:9      | Killed Maggie
  6675 | D:9      | Noticed a centaur warrior
  6680 | D:9      | Killed a centaur warrior
  6681 | D:9      | Reached skill level 9 in Shapeshifting
  6681 | D:9      | Reached XP level 11. HP: 102/111 MP: 10/10
  6716 | D:9      | Found Qemm's Magic Scroll Shop.
  7000 | D:10     | Entered Level 10 of the Dungeon
  7057 | D:10     | Reached ** piety under Wu Jian
  7069 | D:10     | Reached skill level 10 in Shapeshifting
  7070 | D:10     | wazuzu: ??blade talisman
  7070 | D:10     | beem: blade hands[1/3]: A potent level 5 transmutation that
                  | grants a massive increase to unarmed damage but reduces
                  | spell success, melds gloves, weapons and shields. Base
                  | damage is 22 + UC. Does not stack with claws.
  7070 | D:10     | wazuzu: ??blade talisman[2
  7070 | D:10     | beem: blade hands[2/3]: Before 0.22, also prevents wand use
                  | while active.
  7070 | D:10     | wazuzu: ??blade talisman[3
  7070 | D:10     | beem: blade hands[3/3]: If you are a felid you take a
                  | stealth penalty for having blade hands active (you walk on
                  | your paws). Flight gives the stealth back again. This fun
                  | was removed in 0.27.
  7135 | D:10     | Identified a scroll of acquirement
  7135 | D:10     | Acquired the ring "Ishra" {+Blink rPois EV+5 Slay-3 Stlth+}
  7308 | D:10     | Noticed a two-headed ogre
  7314 | D:10     | Killed a two-headed ogre
  7421 | D:9      | Bought a scroll of enchant armour for 105 gold pieces
  7610 | D:10     | Reached skill level 11 in Shapeshifting
  7854 | D:10     | Found Aceke's Weapon Shoppe.
  8157 | D:11     | Found a glowing silver altar of Zin.
  8279 | D:11     | Noticed a two-headed ogre
  8284 | D:11     | Killed a two-headed ogre
  8446 | D:11     | Noticed a two-headed ogre
  8460 | D:11     | Reached skill level 12 in Shapeshifting
  8460 | D:11     | Killed a two-headed ogre
  8472 | D:11     | Found a staircase to the Lair.
  8517 | D:11     | Found Juikureq's Antique Weapon Boutique.
  8537 | D:11     | Noticed Lodul
  8557 | D:11     | Killed Lodul
  8605 | D:11     | Noticed Harold
  8620 | D:11     | Killed Harold
  8625 | D:11     | Reached skill level 13 in Shapeshifting
  8625 | D:11     | Reached XP level 12. HP: 119/119 MP: 11/11
  8974 | Lair:1   | Entered Level 1 of the Lair of Beasts
  9007 | Lair:1   | Reached *** piety under Wu Jian
  9014 | Lair:1   | You fall into a shaft and drop 1 floor!
  9171 | Lair:1   | Reached skill level 14 in Shapeshifting
 10036 | Lair:2   | Reached skill level 15 in Shapeshifting
 10080 | Lair:2   | Found a staircase to the Shoals.
 10119 | Lair:2   | HP: 28/119 [komodo dragon (23)]
 10125 | Lair:2   | Reached skill level 1 in Armour
 10170 | Lair:2   | Reached skill level 2 in Dodging
 10178 | Lair:2   | Reached **** piety under Wu Jian
 10179 | Lair:2   | Reached skill level 2 in Armour
 10331 | Lair:2   | Noticed a death yak
 10333 | Lair:2   | Noticed a death yak
 10336 | Lair:2   | Noticed a death yak
 10337 | Lair:2   | Noticed a death yak
 10339 | Lair:2   | Killed a death yak
 10341 | Lair:2   | Killed a death yak
 10354 | Lair:2   | Killed a death yak
 10360 | Lair:2   | Killed a death yak
 10361 | Lair:2   | Reached skill level 3 in Armour
 10361 | Lair:2   | Reached XP level 13. HP: 78/128 MP: 12/12
 10482 | Lair:2   | Found a staircase to the Snake Pit.
 10488 | Lair:2   | Reached skill level 3 in Dodging
 10520 | Lair:2   | Reached skill level 4 in Armour
 10947 | Lair:3   | HP: 41/192 [skyshark (14)]
 10950 | Lair:3   | HP: 19/192 [skyshark (5)]
 10958 | Lair:3   | HP: 17/192 [blink frog (9)]
 10966 | Lair:3   | HP: 22/128 [blink frog (14)]
 11359 | Lair:3   | Reached skill level 5 in Armour
 11541 | Lair:3   | Reached skill level 4 in Dodging
 11659 | Lair:4   | Found a viscous altar of Jiyva.
 11659 | Lair:4   | Found a staircase to the Slime Pits.
 11672 | Lair:4   | Reached skill level 12 in Unarmed Combat
 11715 | Lair:3   | Reached skill level 9 in Fighting
 11787 | Lair:4   | Reached skill level 6 in Armour
 11794 | Lair:4   | Reached ***** piety under Wu Jian
 11800 | Lair:4   | Reached skill level 5 in Dodging
 11803 | Lair:4   | HP: 26/131 [death yak (19)]
 11874 | Lair:4   | Noticed Kirke
 11899 | Lair:4   | Reached XP level 14. HP: 140/140 MP: 13/13
 11926 | Lair:4   | Killed Kirke
 12671 | Lair:5   | Entered Level 5 of the Lair of Beasts
 12948 | Lair:5   | Acquired 1164 gold pieces
 12978 | Lair:5   | Reached skill level 6 in Dodging
 13080 | Lair:5   | Reached skill level 13 in Unarmed Combat
 13410 | Lair:5   | Reached skill level 10 in Fighting
 13550 | Lair:5   | Reached skill level 14 in Unarmed Combat
 13550 | Lair:5   | Reached XP level 15. HP: 135/149 MP: 14/14
 13685 | Lair:5   | Reached skill level 15 in Unarmed Combat
 14230 | D:12     | Found a staircase to the Orcish Mines.
 14653 | Orc:1    | Entered Level 1 of the Orcish Mines
 14653 | Orc:1    | Noticed Nergalle
 14662 | Orc:1    | Killed Nergalle
 14690 | Orc:1    | Found a transporter.
 14832 | Orc:1    | Found a transporter.
 14832 | Orc:1    | Found a runed translucent door.
 14832 | Orc:1    | Found a bloodstained altar of Trog.
 14832 | Orc:1    | Found the +8 Wrath of Trog {antimagic, *Rage Rampage}
 14863 | Orc:1    | Noticed a deep elf sorcerer
 14863 | Orc:1    | Reached ****** piety under Wu Jian
 14882 | Orc:1    | Identified the +3 bardiche of Destiny {elec, Dex+3}
 14918 | Orc:1    | Found Urchageb's Distillery.
 15222 | Orc:2    | Entered Level 2 of the Orcish Mines
 15240 | Orc:2    | Paralysed by an orc sorcerer for 2 turns
 15243 | Orc:2    | Reached skill level 16 in Unarmed Combat
 15258 | Orc:2    | Reached skill level 11 in Fighting
 15314 | Orc:2    | Reached XP level 16. HP: 130/162 MP: 15/15
 15329 | Orc:2    | Found Vahesut's Antique Armour Boutique.
 15329 | Orc:2    | Found Wocwag's Antique Weapon Shoppe.
 15331 | Orc:2    | Found Ceasies's Distillery.
 15333 | Orc:2    | Found Xetare Qeki's Antique Weapon Shop.
 15358 | Orc:2    | Found a staircase to the Elven Halls.
 15513 | Orc:2    | Found Viera's Antique Weapon Shoppe.
 15575 | Orc:2    | Bought a potion of attraction for 45 gold pieces
 15575 | Orc:2    | Bought 2 potions of ambrosia for 240 gold pieces
 15575 | Orc:2    | Bought a potion of haste for 150 gold pieces
 15575 | Orc:2    | Bought a potion of heal wounds for 75 gold pieces
 15575 | Orc:2    | Bought a potion of might for 60 gold pieces
 15575 | Orc:2    | Bought a potion of invisibility for 120 gold pieces
 15575 | Orc:2    | Bought a potion of brilliance for 60 gold pieces
 15575 | Orc:2    | Bought a potion of brilliance for 60 gold pieces
 15575 | Orc:2    | Bought a potion of curing for 45 gold pieces
 15575 | Orc:2    | Bought a potion of magic for 120 gold pieces
 15575 | Orc:2    | Bought a potion of might for 60 gold pieces
 15948 | D:13     | Found a shimmering blue altar of Sif Muna.
 16403 | D:13     | Got Sif Muna's Essays on Guile
 16756 | D:14     | Reached skill level 17 in Unarmed Combat
 16908 | D:14     | HP: 42/195 [tengu warrior/+2 war axe of freezing (10)]
 16934 | D:14     | Found a gate to the Vaults.
 17835 | D:15     | Entered Level 15 of the Dungeon
 17860 | D:15     | Found a portal to a secret trove of treasure.
 17872 | D:15     | Found Emoxasat's Antique Weapon Emporium.
 18092 | D:15     | Found a staircase to the Depths.
 18099 | D:15     | HP: 43/196 [flayed ghost/flay_damage (12)]
 18227 | D:15     | Reached skill level 12 in Fighting
 18521 | D:15     | Reached skill level 18 in Unarmed Combat
 19117 | Snake:1  | Entered Level 1 of the Snake Pit
 19117 | Snake:1  | Found a large runed translucent door.
 19117 | Snake:1  | Found a large runed translucent door.
 19118 | Snake:1  | Noticed night's ghost (adept TrSh)
 19164 | Snake:1  | Found a frozen archway.
 19223 | IceCv    | Entered an ice cave
 19346 | IceCv    | Identified the +3 pair of gloves "Cysommiq" {Harm rF+ Int-3
                  | Dex+6}
 19445 | IceCv    | Identified the +10 long sword of the Sage {flame, rN+}
 19578 | IceCv    | Reached skill level 16 in Shapeshifting
 19896 | IceCv    | Identified the +4 rapier of the Crafting Viper {speed,
                  | Dex+6 SInv}
 20163 | Snake:1  | Noticed Roxanne
 20186 | Snake:1  | Reached XP level 17. HP: 94/172 MP: 1/16
 20200 | Snake:1  | Killed Roxanne
 20496 | Snake:1  | Noticed Aizul
 20500 | Snake:1  | Killed Aizul
 20501 | Snake:1  | Reached skill level 17 in Shapeshifting
 20578 | Snake:1  | Killed night's ghost
 20802 | Snake:2  | Reached skill level 1 in Shields
 20860 | Snake:2  | Reached skill level 2 in Shields
 20981 | Snake:2  | Noticed Vashnia
 20984 | Snake:2  | Killed Vashnia
 20987 | Snake:2  | Reached skill level 3 in Shields
 21161 | Snake:2  | Identified the +5 falchion of the Lonely Mouths {heavy,
                  | rF++ SInv}
 21259 | Snake:2  | Reached skill level 4 in Shields
 21345 | Snake:3  | Found a transporter.
 21365 | Snake:3  | Noticed Bai Suzhen
 21373 | Snake:3  | Killed Bai Suzhen
 21489 | Snake:3  | Found a blossoming altar of Fedhas.
 21713 | Snake:3  | Reached skill level 19 in Unarmed Combat
 21727 | Snake:3  | Noticed Mara
 21731 | Snake:3  | Killed Mara
 21731 | Snake:3  | Reached skill level 5 in Shields
 21794 | Snake:3  | Identified the +6 longbow of Temperance {freeze, +Blink
                  | Stlth+}
 21990 | Snake:3  | Found a transporter.
 22506 | Snake:3  | Noticed a Hell Sentinel
 22528 | Snake:3  | Gained mutation: You occasionally lose the ability to drink
                  | potions when taking damage. [mutagenic glow]
 22535 | Snake:3  | Identified the staff "Minwoc" {rElec rPois rCorr Poison}
 22537 | Snake:3  | Identified the ring "Icoomp" {Will+ Str+2 Int-5 Dex+5}
 22543 | Snake:3  | Gained mutation: Your magical capacity is low. (-10% MP)
                  | [mutagenic glow]
 22544 | Snake:3  | Killed a Hell Sentinel
 22547 | Snake:3  | HP: 63/262 [lorocyproca[a Zot trap] (7)]
 22568 | Snake:2  | Gained mutation: You occasionally lose the ability to read
                  | scrolls when taking damage. [mutagenic glow]
 22640 | Snake:2  | Lost mutation: Your magical capacity is low. (-10% MP)
                  | [potion of mutation]
 22640 | Snake:2  | Lost mutation: You occasionally lose the ability to drink
                  | potions when taking damage. [potion of mutation]
 22640 | Snake:2  | Gained mutation: You sometimes lose the ability to read
                  | scrolls when taking damage. [potion of mutation]
 22646 | Snake:2  | Lost mutation: You sometimes lose the ability to read
                  | scrolls when taking damage. [potion of mutation]
 22646 | Snake:2  | Lost mutation: You occasionally lose the ability to read
                  | scrolls when taking damage. [potion of mutation]
 22646 | Snake:2  | Gained mutation: Your system is resistant to poisons.
                  | (rPois) [potion of mutation]
 22646 | Snake:2  | Gained mutation: Your movements are slightly less
                  | encumbered by armour. (ER -2) [potion of mutation]
 22666 | Snake:4  | Entered Level 4 of the Snake Pit
 22670 | Snake:4  | Reached XP level 18. HP: 184/184 MP: 17/17
 22866 | Snake:4  | Found a runed translucent gate.
 22866 | Snake:4  | Noticed Hih Uni's ghost (journeyman MiFi)
 22867 | Snake:4  | Found a runed translucent gate.
 22868 | Snake:4  | Found a runed translucent gate.
 23152 | Snake:4  | Reached skill level 13 in Fighting
 23330 | Snake:4  | Reached skill level 20 in Unarmed Combat
 23352 | Snake:4  | Got a serpentine rune of Zot
 23501 | Snake:4  | Killed Hih Uni's ghost
 23769 | Vaults:1 | Entered Level 1 of the Vaults
 23866 | Vaults:1 | Reached skill level 6 in Shields
 23914 | Vaults:1 | Reached skill level 18 in Shapeshifting
 24235 | Vaults:1 | Noticed Norris
 24245 | Vaults:1 | Killed Norris
 24963 | Vaults:2 | Reached skill level 7 in Shields
 24984 | Vaults:2 | Reached XP level 19. HP: 139/193 MP: 18/18
 25147 | Vaults:2 | Reached skill level 21 in Unarmed Combat
 25581 | Vaults:2 | Reached skill level 8 in Shields
 26206 | Vaults:3 | Noticed Jory
 26217 | Vaults:3 | Killed Jory
 26288 | Vaults:3 | Found a flickering gateway to a bazaar.
 26297 | Vaults:3 | Reached skill level 9 in Shields
 26307 | Bazaar   | Entered a bazaar
 26336 | Bazaar   | Found Socyics's Weapon Emporium.
 26347 | Bazaar   | Found Era Vitucagi's Assorted Antiques.
 26352 | Bazaar   | Bought a potion of might for 96 gold pieces
 26352 | Bazaar   | Bought a scroll labelled GESARU MA ROFO for 24 gold pieces
 26352 | Bazaar   | Bought a scroll of vulnerability for 96 gold pieces
 26352 | Bazaar   | Bought a scroll of revelation for 180 gold pieces
 26352 | Bazaar   | Bought a scroll of poison for 96 gold pieces
 26428 | Bazaar   | Found Fahath's Distillery.
 26462 | Bazaar   | Found Caollek's General Store.
 26484 | Bazaar   | Found Tatham's Jewellery Shoppe.
 26498 | Bazaar   | Bought 2 potions of lignification for 78 gold pieces
 26498 | Bazaar   | Bought a potion of mutation for 104 gold pieces
 26498 | Bazaar   | Bought a potion of heal wounds for 65 gold pieces
 26498 | Bazaar   | Bought a potion of curing for 39 gold pieces
 26498 | Bazaar   | Bought a potion of attraction for 39 gold pieces
 26498 | Bazaar   | Bought a potion of lignification for 39 gold pieces
 26498 | Bazaar   | Bought 2 potions of haste for 260 gold pieces
 26498 | Bazaar   | Bought 2 potions of heal wounds for 130 gold pieces
 26507 | Bazaar   | Bought a potion of heal wounds for 55 gold pieces
 26592 | Vaults:3 | Reached skill level 19 in Shapeshifting
 26957 | Vaults:3 | Reached skill level 10 in Shields
 26985 | Vaults:3 | You fall into a shaft and drop 1 floor!
 26985 | Vaults:4 | Found Gyuquog's Antique Weapon Shop.
 27593 | Vaults:4 | Reached XP level 20. HP: 202/202 MP: 19/19
 27733 | Vaults:4 | Reached skill level 11 in Shields
 27742 | Vaults:4 | Reached skill level 20 in Shapeshifting
 28280 | Vaults:4 | Noticed Xtahua
 28284 | Vaults:4 | Paralysed by Xtahua for 2 turns
 28289 | Vaults:4 | Killed Xtahua
 28290 | Vaults:4 | wazuzu: ??xtahua
 28290 | Vaults:4 | beem: XTAHUA[1/3]: A POWERFUL UNIQUE DRAGON, USUALLY FOUND
                  | IN THE MIDGAME. BREATHES PAINFUL (3D38) FIRE AND CASTS
                  | PARALYSIS, BUT IS VULNERABLE TO COLD. THEIR MELEE DAMAGE
                  | POTENTIAL IS NOTHING TO SNEEZE AT, EITHER. AT SOME POINT
                  | DURING THEIR YEARS AS AN ANCIENT AND MIGHTY DRAGON, THEY
                  | LEARNED HOW TO SMASH THROUGH DOORS.
 28290 | Vaults:4 | wazuzu: ??xtahua[2
 28290 | Vaults:4 | beem: XTAHUA[2/3]: SMASHING DOORS WASN'T ENOUGH, SO XTAHUA
                  | STARTED THEIR OWN SERVER WITH THE HELP OF HUMAN MINIONS
                  | MEDAR AND ZKYP: SEE {CXC}.
 28290 | Vaults:4 | wazuzu: ??xtahua[3
 28290 | Vaults:4 | beem: XTAHUA[3/3]: http://xtahua.com/
 28374 | Vaults:5 | Entered Level 5 of the Vaults
 28406 | Vaults:5 | Reached skill level 12 in Shields
 28432 | Vaults:5 | Noticed a dread lich
 28433 | Vaults:5 | Noticed a golden dragon
 28434 | Vaults:5 | Paralysed by a dread lich for 4 turns
 28434 | Vaults:5 | HP: 65/262 [constriction (4)]
 28436 | Vaults:5 | HP: 23/262 [deep troll[an ironbound preserver] (14)]
 28436 | Vaults:5 | HP: 10/262 [constriction (8)]
 28436 | Vaults:5 | HP: 3/262 [vault guard/+0 dire flail (7)]
 28442 | Vaults:5 | Turgon: wow
 28442 | Vaults:5 | Turgon: several times in the one-digits
 28442 | Vaults:5 | Turgon: finally 2 HP
 28442 | Vaults:5 | Turgon: and tele kicked in!
 28442 | Vaults:5 | wazuzu: exactly as planned
 28449 | Vaults:5 | wazuzu: ??slow
 28449 | Vaults:5 | beem: slow[1/3]: A status effect that makes you take 50%
                  | more time to take any action. Slow is a L1 hex spell found
                  | in the {book of Debilitation} that slows a target if it
                  | overcomes their {willpower}. Also applied by needles of
                  | {curare} and monsters with {af_slow} melee.
 28449 | Vaults:5 | wazuzu: ??slow[2
 28449 | Vaults:5 | beem: slow[2/3]: Being slow does not affect your standing
                  | with Chei whatsoever.
 28449 | Vaults:5 | wazuzu: ??slow[3
 28449 | Vaults:5 | beem: slow[3/3]: Prior to 0.8, it made actions take 100%
                  | more time instead of 50%.
 28449 | Vaults:5 | wazuzu: ??cancellation
 28449 | Vaults:5 | beem: potion of cancellation[1/4]: Removes all magic
                  | effects + a few points of contam. Removes slow (including
                  | post-berserk slow but not -Berserk), conf, tele,
                  | petrifying, mark, flay, mesm, fear, Dmsl, and any other
                  | effect with a duration.
 28466 | Vaults:5 | Reached skill level 13 in Shields
 28472 | Vaults:5 | HP: 49/262 [ettin/+0 dire flail of protection (23)]
 28486 | Vaults:5 | Reached skill level 21 in Shapeshifting
 28511 | Vaults:5 | Reached XP level 21. HP: 139/210 MP: 20/20
 28515 | Vaults:5 | Paralysed by an ogre mage for 5 turns
 28526 | Vaults:5 | Turgon: What's your MR?
 28526 | Vaults:5 | wazuzu: base I think
 28526 | Vaults:5 | Turgon: it's only Will+
 28526 | Vaults:5 | wazuzu: I didn't notice it was V:5
 28526 | Vaults:5 | wazuzu: wanted to test lichform
 28526 | Vaults:5 | Turgon: yes, new shapeshifter class is interesting
 28526 | Vaults:5 | wazuzu: then I thought that the heavenly buff would work on
                  | V:5
 28526 | Vaults:5 | wazuzu: it did as you can see, but that's the stupid way to
                  | do that
 28645 | Vaults:5 | Killed a golden dragon
 28658 | Vaults:5 | Identified the ring "Cuil" {Fly rElec Will+ rCorr}
 28805 | Vaults:5 | Found Ytepriar's Weapon Boutique.
 28823 | Vaults:5 | Gained mutation: You are weak. (Str -2) [a neqoxec]
 28857 | Vaults:5 | Reached skill level 22 in Shapeshifting
 28902 | Vaults:5 | Identified the +9 longbow "Kuot" {elec, rElec rF+ rN+
                  | Will-}
 28912 | Vaults:5 | Identified the ring of Peucaqas {rElec Will+++ MP-9 Int+6
                  | Stlth+}
 29143 | Vaults:5 | Got a silver rune of Zot
 29149 | Vaults:5 | Lost mutation: Your movements are slightly less encumbered
                  | by armour. (ER -2) [potion of mutation]
 29149 | Vaults:5 | Lost mutation: Your system is resistant to poisons. (rPois)
                  | [potion of mutation]
 29149 | Vaults:5 | Lost mutation: You are weak. (Str -2) [potion of mutation]
 29149 | Vaults:5 | Gained mutation: You are dopey. (Int -2) [potion of
                  | mutation]
 29149 | Vaults:5 | Gained mutation: You occasionally lose the ability to read
                  | scrolls when taking damage. [potion of mutation]
 29149 | Vaults:5 | Gained mutation: You are partially covered in iridescent
                  | scales. (AC +2) [potion of mutation]
 29150 | Vaults:5 | Lost mutation: You are partially covered in iridescent
                  | scales. (AC +2) [potion of mutation]
 29150 | Vaults:5 | Lost mutation: You occasionally lose the ability to read
                  | scrolls when taking damage. [potion of mutation]
 29150 | Vaults:5 | Gained mutation: Your flesh is heat resistant. (rF+)
                  | [potion of mutation]
 29150 | Vaults:5 | Gained mutation: You have a pair of small horns on your
                  | head. [potion of mutation]
 29331 | Vaults:5 | Found the +16 obsidian axe {drain, demonic, Mesm Drain Fly
                  | SInv}
 29341 | Vaults:5 | Got the Commentary on Elliptic Geology
 29765 | Vaults:5 | Identified the +12 plate armour "Odan" {rElec Int+5}
 29768 | Vaults:5 | Identified the +7 flail "Ocricue" {holy, rElec rF+ SInv}
 30182 | Vaults:3 | Reached skill level 23 in Shapeshifting
 30346 | Vaults:3 | Found a staircase to the Crypt.
 30654 | Elf:1    | Entered Level 1 of the Elven Halls
 30685 | Elf:1    | Found a radiant altar of Vehumet.
 30835 | Elf:1    | Found a shimmering blue altar of Sif Muna.
 31027 | Elf:1    | Found Ympautzuh's Overcharged Wands.
 31581 | Elf:2    | Paralysed by an air elemental for 1 turns
 31593 | Elf:2    | Paralysed by an air elemental for 1 turns
 31604 | Elf:2    | wazuzu: ??ponderous
 31604 | Elf:2    | beem: ponderousness[1/3]: Bad armour ego that adds 1 aut
                  | (0.1 turns) to {movement delay}. Bad.
 31604 | Elf:2    | wazuzu: ??ponderous[2
 31604 | Elf:2    | beem: ponderousness[2/3]: +8 platemail! of ... oh, suck
 31604 | Elf:2    | wazuzu: ??ponderous[3
 31604 | Elf:2    | beem: ponderousness[3/3]: it looked amazing until i
                  | checked that effect
 31728 | Elf:2    | Reached XP level 22. HP: 219/219 MP: 12/21
 31796 | Elf:2    | Reached skill level 24 in Shapeshifting
 31829 | Elf:2    | Found Anaplaom's Antique Armour Boutique.
 31866 | Elf:2    | Found a runed translucent gate.
 31867 | Elf:2    | Found a runed translucent gate.
 31867 | Elf:2    | Found a runed translucent gate.
 31906 | Elf:2    | Found an ancient bone altar of Kikubaaqudgha.
 31906 | Elf:2    | Found a radiant altar of Vehumet.
 32437 | Elf:3    | Entered Level 3 of the Elven Halls
 32890 | Shoals:1 | Entered Level 1 of the Shoals
 32932 | Shoals:1 | Found Jauqune's Distillery.
 32944 | Shoals:1 | Bought a potion of curing for 48 gold pieces
 32944 | Shoals:1 | Bought a potion of enlightenment for 80 gold pieces
 32944 | Shoals:1 | Bought a potion of attraction for 48 gold pieces
 32944 | Shoals:1 | Bought a potion of curing for 48 gold pieces
 32944 | Shoals:1 | Bought a potion of lignification for 48 gold pieces
 32944 | Shoals:1 | Bought a potion of lignification for 48 gold pieces
 32944 | Shoals:1 | Bought a potion of might for 64 gold pieces
 32944 | Shoals:1 | Bought a potion of lignification for 48 gold pieces
 32944 | Shoals:1 | Bought a potion of lignification for 48 gold pieces
 32962 | Shoals:1 | Found Wusor's Armour Emporium.
 32986 | Shoals:1 | Found Nolujuh's Weapon Shop.
 32991 | Shoals:1 | Found Uvatuw's General Store.
 33002 | Shoals:1 | Bought a scroll of blinking for 112 gold pieces
 33002 | Shoals:1 | Bought a scroll of enchant armour for 112 gold pieces
 33020 | Shoals:1 | Found Kekizxot's Weapon Shop.
 33442 | Shoals:2 | Noticed Ilsuiw
 33469 | Shoals:2 | Reached skill level 25 in Shapeshifting
 33474 | Shoals:2 | Killed Ilsuiw
 33573 | Shoals:2 | Noticed Frances
 33587 | Shoals:2 | Killed Frances
 33831 | Shoals:2 | Noticed Louise
 33847 | Shoals:2 | Killed Louise
 34184 | Shoals:3 | Noticed Donald
 34193 | Shoals:3 | Killed Donald
 34272 | Shoals:3 | wazuzu: ??shields
 34272 | Shoals:3 | beem: shield[1/6]: Wearing a shield gives you a chance to
                  | block all damage from some attacks, including arrows,
                  | melee, and some spells. Shields prevent off-hand attacks,
                  | and until you have enough skill they also slow your melee
                  | attacks and make it harder to cast spells.
 34272 | Shoals:3 | wazuzu: ??shields[2
 34272 | Shoals:3 | beem: shield[2/6]: Since 0.28, there are no shield
                  | breakpoints and shields do not care about strength.
                  | Instead, they scale on dex and scale linearly with shield
                  | skill, becoming zero only at 27. Since 0.30, strength helps
                  | with spell and attack delay penalties instead of size.
 34272 | Shoals:3 | wazuzu: ??shields[3
 34272 | Shoals:3 | beem: shield[3/6]: Prior to 0.28, it took 4/15/25 skill to
                  | eliminate evasion, melee speed, and casting penalties for
                  | bucklers/kite/tower for normal races, 5.6/21/- for kobolds
                  | and halflings, 7.2/-/- for spriggans, 2.4/9/15 for nagas,
                  | centaurs, and formicids, -/9/15 for trolls and ogres. There
                  | may be better uses for your XP than completely eliminating
                  | the penalty.
 34272 | Shoals:3 | wazuzu: ??shields[4
 34272 | Shoals:3 | beem: shield[4/6]: Each enchantment increases SH by 1.
                  | Bucklers have 5 SH, -1 EV, max +3; kite shields, 8 SH, -3
                  | EV, max +5; tower shields, 13 SH, -5 EV, max +8. Every
                  | level of shield skill increases SH by 1/20 of the base
                  | shield value. Dexterity improves your SH bonus from a
                  | shield.
 34272 | Shoals:3 | wazuzu: ??shields[5
 34272 | Shoals:3 | beem: shield[5/6]: You will block a missile if a random
                  | number up to 130% of the missile to-hit is less than a
                  | random number (on 2 dice) up to 2/3 of your SH; a melee
                  | instead uses a random number up to 15 + to-hit / 2. Both
                  | to-pass-shield values are inflated by 5 * (previous blocks
                  | this turn)^2.
 34272 | Shoals:3 | wazuzu: ??shields[6
 34272 | Shoals:3 | beem: shield formulas[1/2]: Adjusted shield evasion penalty
                  | = base penalty - (shield skill / (5 + size factor))
 34624 | Shoals:4 | Entered Level 4 of the Shoals
 34765 | Shoals:4 | Found a stormy altar of Qazlal.
 34887 | Shoals:4 | Found a stormy altar of Qazlal.
 34925 | Shoals:4 | Paralysed by an air elemental for 1 turns
 34934 | Shoals:4 | Paralysed by an air elemental for 1 turns
 34936 | Shoals:4 | Identified the +1 spear of Ererr {freeze, Fragile rElec rF+
                  | Str+4}
 34937 | Shoals:4 | Noticed Nikola
 34939 | Shoals:4 | Paralysed by an air elemental for 1 turns
 34942 | Shoals:4 | Paralysed by an air elemental for 1 turns
 34951 | Shoals:4 | Killed Nikola
 35066 | Shoals:4 | Paralysed by an air elemental for 1 turns
 35069 | Shoals:4 | Paralysed by an air elemental for 1 turns
 35149 | Shoals:4 | Reached XP level 23. HP: 206/230 MP: 13/22
 35332 | Shoals:4 | Got a barnacled rune of Zot
 35335 | Shoals:4 | Identified the +4 pair of gloves of the Secret Souls {rElec
                  | Stlth+}
 35756 | Crypt:1  | Entered Level 1 of the Crypt
 35782 | Crypt:1  | HP: 31/230 [ancient champion/entropic shot (38)]
 35783 | Crypt:1  | HP: 8/230 [phantasmal warrior (11)]
 36270 | Crypt:1  | Reached skill level 22 in Unarmed Combat
 36655 | Crypt:2  | Reached skill level 14 in Shields
 36664 | Crypt:2  | Reached skill level 14 in Fighting
 36870 | Crypt:2  | Found an ancient bone altar of Kikubaaqudgha.
 37275 | Crypt:3  | Entered Level 3 of the Crypt
 37727 | Crypt:3  | Reached skill level 23 in Unarmed Combat
 37958 | Crypt:3  | Found an ancient bone altar of Kikubaaqudgha.
 37967 | Crypt:3  | Found a basalt altar of Yredelemnul.
 38135 | Crypt:3  | Found a staircase to the Tomb.
 38682 | Slime:1  | Entered Level 1 of the Pits of Slime
 38682 | Slime:1  | Found a viscous altar of Jiyva.
 38842 | Slime:2  | Reached skill level 15 in Shields
 38932 | Slime:5  | Entered Level 5 of the Pits of Slime
 38944 | Slime:5  | Reached XP level 24. HP: 243/243 MP: 13/22
 39032 | Slime:5  | Noticed the Royal Jelly
 39066 | Slime:5  | Killed the Royal Jelly
 39067 | Slime:5  | Reached skill level 15 in Fighting
 39114 | Slime:5  | Got the Anthology of Profane Deeds and the Snowflakes
 39116 | Slime:5  | Got a slimy rune of Zot
 39117 | Slime:5  | Identified the +7 sling "Ucvaur" {antimagic, Str+2}
 39200 | Slime:5  | Identified the staff of the Screaming Gods {rElec rPois
                  | Will- Stlth+ Poison}
 39221 | Slime:5  | Identified the +1 great sword "Tophuh" {vamp, rElec Str-5
                  | Dex+2}
 39261 | Slime:5  | Identified the +6 scale mail "Posua" {Rampage rElec}
 39289 | Slime:5  | Acquired 496 gold pieces
 39670 | D:15     | You showed the slimy rune of Zot to enter a treasure trove
 39671 | Trove    | Entered a treasure trove
 39682 | Trove    | Identified the +1 robe of Decompression {rPois Archmagi}
 39694 | Trove    | Identified the ring "Fonec" {rC- rN++ Will+ Stlth+}
 39774 | Trove    | Identified the +2 hat "Rasurph" {Harm rN+ Regen+ Dex+2}
 39775 | Trove    | Identified the +1 tower shield of Sophism {*Slow rElec
                  | rC+++ Stlth+}
 39801 | Trove    | wazuzu: ??ponderous
 39801 | Trove    | beem: ponderousness[1/3]: Bad armour ego that adds 1 aut
                  | (0.1 turns) to {movement delay}. Bad.
 39964 | D:9      | Bought the +2 hood of the Assassin {Detect Stab+ Stlth++}
                  | for 720 gold pieces
 39964 | D:9      | Found the +2 hood of the Assassin {Detect Stab+ Stlth++}
 40147 | Depths:1 | Entered Level 1 of the Depths
 40221 | Depths:1 | Reached skill level 1 in Stealth
 40263 | Depths:1 | Reached skill level 4 in Stealth
 40263 | Depths:1 | Reached XP level 25. HP: 252/252 MP: 13/22
 40286 | Depths:1 | Reached skill level 5 in Stealth
 40314 | Depths:1 | Found a one-way gate to the infinite horrors of the Abyss.
 40332 | Depths:1 | Voluntarily entered the Abyss.
 40460 | Abyss:2  | Reached skill level 6 in Stealth
 40569 | Abyss:3  | Reached skill level 7 in Stealth
 40577 | Abyss:3  | Paralysed by accursed screaming for 1 turns
 40638 | Abyss:3  | Gained mutation: Your magical capacity is low. (-10% MP) [a
                  | neqoxec]
 40714 | Abyss:3  | Reached skill level 8 in Stealth
 40790 | Abyss:3  | Noticed a dread lich
 40793 | Abyss:3  | Killed a dread lich
 40836 | Abyss:3  | Reached skill level 9 in Stealth
 41027 | Abyss:3  | Reached skill level 10 in Stealth
 41046 | Abyss:3  | Paralysed by an air elemental for 1 turns
 41052 | Abyss:3  | Paralysed by an air elemental for 1 turns
 41052 | Abyss:3  | HP: 63/327 [juggernaut simulacrum[a necromancer] (26)]
 41052 | Abyss:3  | HP: 26/327 [smoke demon/divine providence (11)]
 41053 | Abyss:3  | Found a corrupted altar of Lugonu.
 41231 | Abyss:3  | Found a corrupted altar of Lugonu.
 41270 | Abyss:3  | Reached skill level 7 in Dodging
 41314 | Abyss:3  | Reached skill level 8 in Dodging
 41392 | Abyss:3  | Found an ancient bone altar of Kikubaaqudgha.
 41398 | Abyss:3  | Reached skill level 9 in Dodging
 41430 | Abyss:3  | Found a transporter.
 41451 | Abyss:3  | Reached XP level 26. HP: 261/261 MP: 10/19
 41472 | Abyss:3  | Reached skill level 10 in Dodging
 41484 | Abyss:3  | Reached skill level 11 in Dodging
 41488 | Abyss:3  | Found a transporter.
 41494 | Abyss:3  | Got an abyssal rune of Zot
 41642 | Abyss:3  | Found a corrupted altar of Lugonu.
 41675 | Abyss:3  | Reached skill level 12 in Dodging
 41712 | Depths:1 | Escaped the Abyss
 41823 | Depths:1 | Found a gateway to Hell.
 42169 | Depths:1 | Found a one-way gate leading to the halls of Pandemonium.
 42332 | Depths:2 | Identified the +6 hand axe "Beetle's Death" {drain, Int+7}
 42389 | Depths:2 | Reached skill level 26 in Shapeshifting
 42466 | Depths:2 | Found Seefuves's Antique Weapon Boutique.
 42471 | Depths:2 | Found Obrub Rean's General Store.
 42483 | Depths:2 | Bought a scroll of revelation for 90 gold pieces
 42483 | Depths:2 | Bought a scroll of revelation for 90 gold pieces
 42483 | Depths:2 | Bought a potion of curing for 36 gold pieces
 42483 | Depths:2 | Bought a scroll of teleportation for 36 gold pieces
 42483 | Depths:2 | Bought a potion of curing for 36 gold pieces
 42483 | Depths:2 | Bought a potion of might for 48 gold pieces
 42973 | Depths:3 | Noticed a juggernaut
 42987 | Depths:2 | Killed a juggernaut
 43208 | Depths:2 | Found a shimmering blue altar of Sif Muna.
 43636 | Depths:2 | Found Mywkyufu's General Store.
 43651 | Depths:2 | Reached skill level 27 in Shapeshifting
 43667 | Depths:2 | Reached skill level 24 in Unarmed Combat
 43685 | Depths:2 | Found an opulent altar of Gozag.
 43715 | Depths:2 | Found Golegust's Miraculous Elixirs.
 43726 | Depths:2 | Bought 2 potions of mutation for 800 gold pieces
 43726 | Depths:2 | Bought a potion of mutation for 400 gold pieces
 43726 | Depths:2 | Bought a potion of mutation for 400 gold pieces
 43726 | Depths:2 | Bought a potion of mutation for 400 gold pieces
 43726 | Depths:2 | Bought a potion of mutation for 400 gold pieces
 43772 | Depths:2 | Found The Legendary Haudgh's Legendary Smithy.
 44011 | Depths:3 | Paralysed by a floating eye for 3 turns
 44465 | Depths:3 | Reached skill level 25 in Unarmed Combat
 44545 | Depths:3 | Reached XP level 27. HP: 269/269 MP: 10/19
 44675 | Depths:4 | Entered Level 4 of the Depths
 44705 | Depths:4 | Noticed Saint Roka
 44719 | Depths:4 | Killed Saint Roka
 44903 | Depths:4 | Paralysed by a floating eye for 4 turns
 45162 | Depths:4 | Found a gate to the Realm of Zot.
 45309 | Depths:4 | Reached skill level 26 in Unarmed Combat
 45426 | Depths:4 | Found a sparkling altar of Nemelex Xobeh.
 45450 | Depths:4 | Found a one-way gateway to a ziggurat.
 45450 | Depths:4 | Noticed an ancient lich
 45472 | Depths:4 | Killed an ancient lich
 45605 | Pan      | Entered Pandemonium
 45652 | Pan      | Noticed Yxovec the pandemonium lord
 45665 | Pan      | Killed Yxovec the pandemonium lord
 45695 | Pan      | HP: 84/349 [smoke demon/divine providence (15)]
 45707 | Pan      | Got a demonic rune of Zot
 45944 | Abyss:3  | Cast into level 3 of the Abyss (demonspawn corrupter)
 45965 | Pan      | Escaped the Abyss
 46179 | Pan      | Entered the realm of Mnoleg.
 46193 | Pan      | Reached skill level 27 in Unarmed Combat
 46345 | Pan      | Reached skill level 7 in Armour
 46504 | Pan      | Reached skill level 8 in Armour
 46515 | Pan      | Noticed Mnoleg
 46523 | Pan      | Gained mutation: Your muscles are strong. (Str +4, Int/Dex
                  | -1) [Mnoleg's mutagenic touch]
 46527 | Pan      | Killed Mnoleg
 46584 | Pan      | Reached skill level 9 in Armour
 46630 | Pan      | Got a glowing rune of Zot
 46682 | Pan      | Gained mutation: Your body sometimes deteriorates upon
                  | taking damage. [a cacodemon]
 46702 | Pan      | Lost mutation: You are dopey. (Int -2) [potion of mutation]
 46702 | Pan      | Lost mutation: Your flesh is heat resistant. (rF+) [potion
                  | of mutation]
 46702 | Pan      | Gained mutation: You are strong-willed. (Will+) [potion of
                  | mutation]
 46732 | Pan      | Lost mutation: You are strong-willed. (Will+) [potion of
                  | mutation]
 46732 | Pan      | Lost mutation: Your magical capacity is low. (-10% MP)
                  | [potion of mutation]
 46732 | Pan      | Lost mutation: Your muscles are strong. (Str +4, Int/Dex
                  | -1) [potion of mutation]
 46732 | Pan      | Gained mutation: You are dopey. (Int -2) [potion of
                  | mutation]
 46732 | Pan      | Gained mutation: Your flesh is heat resistant. (rF+)
                  | [potion of mutation]
 46733 | Pan      | Lost mutation: Your body sometimes deteriorates upon taking
                  | damage. [potion of mutation]
 46733 | Pan      | Lost mutation: You are dopey. (Int -2) [potion of mutation]
 46733 | Pan      | Lost mutation: Your flesh is heat resistant. (rF+) [potion
                  | of mutation]
 46733 | Pan      | Gained mutation: Armour fits poorly on your strangely
                  | shaped body. [potion of mutation]
 46733 | Pan      | Gained mutation: Your body sometimes deteriorates upon
                  | taking damage. [potion of mutation]
 46734 | Pan      | Lost mutation: Armour fits poorly on your strangely shaped
                  | body. [potion of mutation]
 46734 | Pan      | Lost mutation: Your body sometimes deteriorates upon taking
                  | damage. [potion of mutation]
 46734 | Pan      | Lost mutation: You have a pair of small horns on your head.
                  | [potion of mutation]
 46734 | Pan      | Gained mutation: Your magical capacity is low. (-10% MP)
                  | [potion of mutation]
 46734 | Pan      | Gained mutation: You are somewhat resistant to further
                  | mutation. [potion of mutation]
 46791 | Pan      | Noticed Finkud the pandemonium lord
 46793 | Pan      | Killed Finkud the pandemonium lord
 46794 | Pan      | Reached skill level 10 in Armour
 46811 | Pan      | Entered the realm of Gloorx Vloq.
 46946 | Pan      | Noticed Gloorx Vloq
 46963 | Pan      | Reached skill level 13 in Dodging
 47018 | Pan      | Found an exit through the horrors of the Abyss.
 47064 | Pan      | Reached skill level 11 in Armour
 47193 | Pan      | Identified the +9 broad axe of Qazlal's Felicitations
                  | {antimagic, Drain rElec Stlth+}
 47205 | Pan      | Killed Gloorx Vloq
 47219 | Pan      | Got a dark rune of Zot
 47564 | Pan      | Entered the realm of Cerebov.
 47647 | Pan      | Found the +6 sword of Cerebov {flame}
 47647 | Pan      | Noticed Cerebov
 47655 | Pan      | HP: 84/349 [Cerebov/the +6 sword of Cerebov {flame} (26)]
 47656 | Pan      | HP: 34/349 [??? (8)]
 47657 | Pan      | HP: 9/349 [Cerebov/great blast of fire (53)]
 47666 | Pan      | HP: 56/349 [balrug/bolt of fire (11)]
 47673 | Pan      | HP: 54/349 [balrug/divine providence (9)]
 47685 | Pan      | Reached skill level 14 in Dodging
 47690 | Pan      | HP: 81/349 [balrug/divine providence (10)]
 47695 | Pan      | Reached skill level 12 in Armour
 47886 | Pan      | Killed Cerebov
 47894 | Pan      | Got a fiery rune of Zot
 47944 | Pan      | Got the Enchiridion on the Wyrd
 48083 | Pan      | Got the Codex of Flashy Nausea
 48091 | Pan      | Identified the ring "Wudod" {EV+5 Str+5}
 48265 | Pan      | Found an exit through the horrors of the Abyss.
 48489 | Pan      | Reached skill level 13 in Armour
 48754 | Pan      | Got Xudaha Bihetz's Antepenultimate Guide to Wizarding
 48851 | Pan      | Reached skill level 15 in Dodging
 49013 | Pan      | Entered the realm of Lom Lobon.
 49039 | Pan      | Acquired a manual of Armour
 49087 | Pan      | Noticed Lom Lobon
 49110 | Pan      | HP: 75/349 [spore (13)]
 49117 | Pan      | HP: 64/349 [Lom Lobon/vortex (16)]
 49120 | Pan      | HP: 24/349 [spore (11)]
 49121 | Pan      | HP: 8/349 [Lom Lobon/vortex (17)]
 49121 | Pan      | Killed by an exploding ball lightning

Vanquished Creatures
  Cerebov (Pan)
  2 pandemonium lords (Pan)
  the Royal Jelly (Slime:5)
  Gloorx Vloq (Pan)
  Mnoleg (Pan)
  A dread lich (Abyss:3)
  An ancient lich (Depths:4)
  Mara (Snake:3)
  A juggernaut (Depths:2)
  Saint Roka (Depths:4)
  Vashnia (Snake:2)
  Bai Suzhen (Snake:3)
  Xtahua (Vaults:4)
  A caustic shrike (Depths:2)
  Nikola (Shoals:4)
  2 golden dragons
  6 bone dragons
  Jory (Vaults:3)
  A profane servitor (Crypt:3)
  Norris (Vaults:1)
  A Tzitzimitl (Pan)
  2 Brimstone Fiends (Pan)
  2 Ice Fiends (Pan)
  4 hellephants
  3 Hell Sentinels
  8 tentacled monstrosities
  A walking earthen tome (Depths:3)
  7 liches
  A walking frostbound tome (Depths:3)
  A shard shrike skeleton (Crypt:3)
  17 acid blobs
  8 titans
  5 quicksilver dragons
  8 sphinxes
  A deep elf blademaster (Elf:2)
  18 Executioners
  9 ancient champions
  The ghost of night the Brawler, an adept TrSh of Gozag (Snake:1)
  Kirke (Lair:4)
  3 krakens
  14 tentacled starspawn
  Frances (Shoals:2)
  Roxanne (Snake:1)
  Aizul (Snake:1)
  8 shadow dragons
  11 tengu reavers
  2 draconian monks (Abyss:3)
  Donald (Shoals:3)
  4 demonspawn warmongers (Pan)
  A revenant (Crypt:2)
  2 daevas
  3 storm dragons
  9 fire giants
  Ilsuiw (Shoals:2)
  13 nagarajas
  2 draconian knights
  12 azure jellies
  2 iron dragons
  8 rockslimes
  12 frost giants
  The ghost of Hih Uni the Severer, a journeyman MiFi of Okawaru (Snake:4)
  20 vault wardens
  A draconian scorcher (Depths:4)
  2 deep elf sorcerers
  A ghost moth (Abyss:3)
  14 balrugs (Pan)
  3 spectral caustic shrikes (Depths:1)
  Louise (Shoals:2)
  16 ghouls
  5 orc warlords
  4 draconian annihilators
  2 draconian stormcallers (Abyss:3)
  3 curse skulls
  4 war gargoyles
  30 very ugly things
  19 cacodemons (Pan)
  23 ironbound preservers
  3 formless jellyfish (Slime:2)
  7 reapers
  A caustic shrike skeleton (Crypt:3)
  6 quicksilver oozes
  A spriggan defender (Depths:2)
  2 demonspawn corrupters (Pan)
  A demonspawn blood saint (Pan)
  14 stone giants
  9 ironbound thunderhulks
  4 deep elf demonologists
  2 green draconians
  6 vampire knights
  A yellow draconian (Depths:4)
  8 lorocyprocas
  A demonspawn black sun (Pan)
  3 deep elf annihilators
  A white draconian (Depths:4)
  6 dire elephants
  2 red draconians (Depths:4)
  9 spark wasps
  A purple draconian (Depths:4)
  8 blizzard demons
  8 merfolk impalers
  14 ettins
  2 deep elf death magi
  8 merfolk javelineers
  2 crystal guardians
  5 jiangshi
  8 eidola
  9 fire dragons
  2 mummy priests (Crypt:3)
  5 deep elf high priests
  4 green deaths
  8 great orbs of eyes
  31 yaktaur captains
  A spriggan zombie (Crypt:3)
  A quicksilver dragon zombie (Crypt:2)
  3 hydras
  4 rakshasas
  29 vault guards
  Erolcha (D:9)
  2 caustic shrike simulacra
  8 ironbound frosthearts
  9 ice dragons
  4 peacekeepers
  2 quicksilver dragon skeletons
  2 spriggan skeletons
  A spriggan air mage (Depths:2)
  Harold (D:11)
  2 merfolk avatars
  A hell beast (Depths:1)
  3 ogre magi
  3 death knights
  A salamander tyrant (Snake:3)
  14 anacondas
  4 boulder beetles
  A satyr (Shoals:3)
  A sphinx zombie (D:15)
  A titan zombie (Crypt:2)
  7 merfolk aquamancers
  5 centaur warriors
  10 two-headed ogres
  A fenstrider witch skeleton (Crypt:3)
  27 dancing weapons
  10 naga warriors
  4 deep troll earth magi
  7 deep troll shamans
  5 spriggan berserkers
  17 death yaks
  8 hell hogs (Depths:4)
  A tengu warrior (D:14)
  7 demonic crawlers (Pan)
  10 hell knights
  8 shock serpents
  9 vampire magi
  13 thrashing horrors (Abyss:3)
  17 naga sharpshooters
  4 spriggans (Depths:2)
  41 sun demons (Pan)
  2 orc high priests (Orc:2)
  11 soul eaters
  Nergalle (Orc:1)
  8 skysharks
  20 deep elf knights
  A spatial maelstrom (Abyss:3)
  2 titan skeletons
  11 shadow wraiths
  10 wretched stars (Abyss:3)
  9 iron trolls
  15 sixfirhies
  4 bunyip zombies
  A death drake (Abyss:3)
  14 sea snakes
  19 skeletal warriors
  Lodul (D:11)
  4 salamander mystics
  A skyshark (shapeshifter) (Vaults:5)
  68 deep trolls
  40 large abominations
  5 glowing orange brains
  A spectral anaconda (Lair:5)
  2 obsidian statues
  16 ironbound convokers
  2 bog bodies
  9 naga ritualists
  Pikel (D:5)
  13 spriggan simulacra
  7 shadow demons (Pan)
  11 wizards
  A bunyip skeleton (Abyss:3)
  A lindwurm (shapeshifter) (Vaults:5)
  20 deep elf zephyrmancers
  16 phantasmal warriors
  63 starcursed masses (Abyss:3)
  15 harpies
  6 deep elf archers
  6 flayed ghosts
  6 lindwurms
  8 orc knights
  An anaconda skeleton (Pan)
  31 deep elf pyromancers
  3 orc sorcerers
  2 wolf spiders (shapeshifter)
  16 necromancers
  8 manticores
  15 mana vipers
  14 cyclopes
  4 oklob plants
  A jorogumo zombie (Crypt:1)
  16 salamanders
  43 ugly things
  4 draconians (Abyss:3)
  A shining eye (Slime:1)
  A moth of wrath (shapeshifter) (Vaults:5)
  3 worldbinders (Abyss:3)
  16 fauns
  10 guardian serpents
  17 elephants
  A rust devil (Abyss:3)
  30 black mambas
  2 dire elephant zombies
  15 merfolk sirens
  11 vault sentinels
  10 naga magi
  6 water nymphs
  An elf zombie (Vaults:4)
  12 smoke demons
  2 naga zombies
  A titan simulacrum (Crypt:3)
  A torpor snail (Lair:2)
  An apocalypse crab (Abyss:3)
  9 cane toads
  An ice statue (Snake:1)
  2 eyes of devastation (Slime:5)
  33 orange demons
  2 dire elephant skeletons
  4 unseen horrors
  Maggie (D:9)
  A kobold demonologist (Depths:1)
  Jeremiah (D:8)
  A hellion (Pan)
  An anaconda simulacrum (Crypt:3)
  59 yaktaurs
  3 rime drakes
  3 tormentors
  9 komodo dragons
  8 efreet
  10 freezing wraiths
  A minotaur skeleton (Crypt:3)
  An elf (Depths:2)
  8 ice devils (IceCv)
  8 guardian mummies (Crypt:3)
  2 komodo dragons (shapeshifter)
  A human skeleton (Vaults:3)
  A red devil (Depths:1)
  12 wind drakes
  29 merfolk
  A harpy zombie (Crypt:2)
  A silent spectre (Orc:1)
  A tyrant leech (Abyss:3)
  A pale draconian skeleton (Crypt:3)
  14 hornets
  An alligator simulacrum (IceCv)
  5 ancient zymes
  A grey draconian skeleton (Crypt:2)
  7 hellwings (Pan)
  A troll (shapeshifter) (Vaults:1)
  A wind drake (shapeshifter) (D:13)
  17 trolls
  A hydra zombie (Crypt:2)
  2 harpy skeletons
  11 snapping turtles
  A hornet (shapeshifter) (Elf:1)
  A tarantella zombie (Crypt:3)
  26 raiju (Abyss:3)
  33 blink frogs
  A spectral elephant (Lair:5)
  3 ettin zombies
  A dream sheep (shapeshifter) (Vaults:5)
  A human simulacrum (Vaults:5)
  12 dream sheep
  Sigmund (D:4)
  46 slime creatures
  2 ettin skeletons
  3 shadows
  8 air elementals
  7 flying skulls
  2 vampires (Depths:2)
  35 yaks
  23 ynoxinuls
  7 wraiths
  An elf skeleton (Vaults:4)
  A slime creature zombie (Crypt:3)
  23 water elementals
  2 ushabtiu (Crypt:3)
  A black mamba zombie (Crypt:1)
  2 humans (Depths:2)
  5 wyverns
  4 fire elementals
  4 hogs (Lair:4)
  17 neqoxecs
  4 basilisks
  A hog (shapeshifter) (Abyss:3)
  A redback simulacrum (D:15)
  7 golden eyes
  2 basilisks (shapeshifter)
  2 steam dragons
  10 chaos spawn
  Grum (D:9)
  11 vampire mosquitoes
  9 small abominations (Abyss:3)
  5 wargs
  2 death yak simulacra (Lair:5)
  4 minotaur simulacra (IceCv)
  A spectral cane toad (Lair:5)
  2 glowing shapeshifter zombies
  A yaktaur simulacrum (Vaults:1)
  A harpy simulacrum (Crypt:3)
  25 nagas
  A two-headed ogre zombie (Crypt:1)
  A fire bat skeleton (Crypt:2)
  2 acid dragons
  A hell hound (Abyss:3)
  14 water moccasins
  A two-headed ogre skeleton (Crypt:1)
  41 orc warriors
  3 tengu zombies
  A glowing shapeshifter skeleton (Vaults:5)
  2 floating eyes
  An ogre skeleton (Vaults:4)
  2 ice beasts
  4 black bears
  A swamp drake (D:10)
  2 black bears (shapeshifter)
  3 sky beasts
  4 human zombies
  An ettin simulacrum (IceCv)
  An elephant zombie (Lair:5)
  14 ogres
  14 wolves
  17 centaurs
  6 boggarts
  An elephant skeleton (Lair:5)
  A fire crab zombie (Crypt:3)
  A lemure (D:5)
  3 phantoms
  A blink frog skeleton (Crypt:1)
  Blork the orc (D:5)
  9 kobold brigands
  2 earth elementals
  4 necrophages
  14 bullfrogs
  A cane toad simulacrum (Lair:5)
  6 deep troll simulacra (IceCv)
  6 scorpions
  16 wights
  A troll zombie (D:12)
  A water moccasin skeleton (Crypt:2)
  An elephant simulacrum (Lair:5)
  5 killer bees (Abyss:3)
  5 lindwurm simulacra (IceCv)
  An electric eel (D:7)
  3 howler monkeys (D:7)
  Crazy Yiuf (D:2)
  5 hounds
  14 orc priests
  A centaur skeleton (Crypt:3)
  3 iguanas
  An iron imp (Abyss:3)
  Jessica (D:2)
  15 orc wizards
  4 hell rats
  A boggart skeleton (Crypt:2)
  2 spectral hounds (Depths:2)
  6 ogre zombies
  12 adders
  A shadow imp (Abyss:3)
  8 white imps
  2 ufetubi (Abyss:3)
  An iguana zombie (Crypt:1)
  A lava snake zombie (Crypt:1)
  3 dart slugs
  84 orcs
  12 endoplasms
  4 giant cockroaches
  13 goblins
  9 hobgoblins
  11 jackals
  25 kobolds
  8 quokkas
  7 ball pythons
  8 bats
  5 frilled lizards
  A gnoll skeleton (Crypt:1)
  2 goblin skeletons
  3 goblin zombies (D:12)
  2 hobgoblin zombies (D:12)
  A kobold skeleton (Crypt:2)
  2 orc skeletons (D:12)
  11 orc zombies (D:12)
  5 rats
  A fire vortex (Pan)
  19 starspawn tentacles
  10 tentacles
2830 creatures vanquished.

Vanquished Creatures (others)
  A sphinx (Vaults:5)
  A balrug (Pan)
  A vault guard (Vaults:5)
  A salamander tyrant (Snake:4)
  A salamander mystic (Snake:1)
  A phantasmal warrior (Vaults:5)
  2 deep elf zephyrmancers (Elf:3)
  A deep elf pyromancer (Elf:1)
  A hellion (Abyss:3)
  A raiju (Abyss:3)
  A ynoxinul (Pan)
  2 humans (Lair:4)
  A small abomination (Abyss:3)
  An orc warrior (Vaults:5)
  A white imp (Abyss:3)
  7 orcs
  9 ball lightnings (Pan)
  A fire vortex (Pan)
  A lurking horror (Abyss:3)
  36 starspawn tentacles
  27 tentacles
98 creatures vanquished.

Grand Total: 2928 creatures vanquished
